Nordiques vs Blue Jackets (R3)

Created - 30 mars 2017 at 19:09

Goals
1 2 3 T
Nordiques 2 3 1 6
Blue Jackets 0 2 1 3
Shots
1 2 3 T
Nordiques 10 11 15 36
Blue Jackets 5 13 13 31

1st period

1. Nordiques , Nikita Kucherov 11 (Vaclav Prospal, T.J. Fast) at 2:45
2. Nordiques , Chris Drury 38 (Ryan Ellis, Vaclav Prospal) at 19:08

Penalties :
No Penalty

2nd period

3. Nordiques , Jean-Pierre Dumont 26 (Ryan Ellis, Chris Drury) at 2:05 (PP)
4. Blue Jackets , Pavel Datsyuk 32 (David Booth) at 4:21 (PP)
5. Nordiques , Fedor Tyutin 7 (Dmitry Kulikov) at 6:03 (PP)
6. Blue Jackets , Marcus Nilson 20 (Mike York, Mike Lundin) at 13:20
7. Nordiques , Vaclav Prospal 19 (Matt Moulson) at 17:28 (PP)

Penalties :
François Beauchemin (Clb) for High sticking (Minor) at 1:30, Paul Gaustad (Que) for High sticking (Minor) at 4:17, Pavel Datsyuk (Clb) for Slashing (Minor) at 4:31, Mike Lundin (Clb) for Hooking (Minor) at 5:17, Vaclav Prospal (Que) for Tripping (Minor) at 6:29, François Beauchemin (Clb) for High sticking (Minor) at 10:00, Brooks Orpik (Clb) for Tripping (Minor) at 16:40, Nikita Kucherov (Que) for Holding (Minor) at 17:48

3rd period

8. Blue Jackets , Mike Commodore 1 (François Beauchemin, Rick DiPietro) at 9:48
9. Nordiques , Pascal Dupuis 9 (Rich Peverley, Dmitry Kulikov) at 16:37

Penalties :
Martin Havlat (Clb) for Roughing (Minor) at 6:57, Pavel Datsyuk (Clb) for Slashing (Minor) at 12:39

Goalie Stats

Martin Brodeur (Que), 28 saves from 31 shots - (0,903), W, 25-13-7, 60:00 minutes
Niklas Backstrom (Clb), 11 saves from 15 shots - (0,733), L, 4-8-0, 26:03 minutes
Rick DiPietro (Clb), 19 saves from 21 shots - (0,905), 33:57 minutes

Players Stats for Nordiques

Player Name              G  A  P  +/- PIM S  H  SB GA TA FO     MP     PP MP  PK MP  
------------------------------------------------------------------------------------
Chris Drury              1  1  2   1  0   4  2  0  1  0  15/35  23:36   5:44   0:47 
Dmitry Kulikov           0  2  2   2  0   1  2  0  0  0  0/0    18:02   3:04   0:00 
Dustin Byfuglien         0  0  0  -1  0   4  4  0  2  0  0/0    27:07   6:14   1:08 
Fedor Tyutin             1  0  1  -1  0   3  2  1  0  3  0/0    23:09   3:04   0:28 
Jean-Pierre Dumont       1  0  1   1  0   5  3  0  1  0  1/1    22:07   5:44   0:11 
Kyle Calder              0  0  0   0  0   2  2  0  0  0  0/2    13:12   0:00   1:11 
Mark Eaton               0  0  0   0  0   1  1  1  0  0  0/0    14:12   0:00   1:39 
Matt Moulson             0  1  1   0  0   2  1  1  0  1  0/0    16:11   3:34   0:16 
Michael Ryder            0  0  0   0  0   0  0  0  1  0  0/0    11:44   0:00   0:00 
Nikita Kucherov          1  0  1   0  2   1  2  0  2  0  0/1    16:05   3:34   0:00 
Nikolai Kulemin          0  0  0   0  0   2  0  0  0  0  0/0     6:42   0:00   0:00 
Pascal Dupuis            1  0  1   0  0   2  0  0  0  0  0/0     8:41   0:00   1:59 
Paul Gaustad             0  0  0   0  2   0  1  0  0  0  5/7    13:41   0:00   1:49 
R.J. Umberger            0  0  0   1  0   4  0  1  2  0  1/2    22:27   5:44   0:00 
Rich Peverley            0  1  1   0  0   1  1  0  0  0  2/2     6:55   0:00   0:01 
Ryan Ellis               0  2  2   2  0   1  0  0  1  0  0/0    21:52   6:14   1:36 
T.J. Fast                0  1  1   0  0   1  0  1  0  1  0/0    14:14   0:00   1:39 
Vaclav Prospal           1  2  3   0  2   2  1  0  1  0  8/13   15:58   3:33   0:16 

Players Stats for Blue Jackets

Player Name              G  A  P  +/- PIM S  H  SB GA TA FO     MP     PP MP  PK MP  
------------------------------------------------------------------------------------
A.J Thelen               0  0  0   0  0   0  0  0  0  0  0/0     3:51   0:00   0:00 
Andreas Nodl             0  0  0   0  0   3  1  0  0  0  0/0    11:49   0:02   0:00 
Branislav Mezei          0  0  0   0  0   3  0  0  0  3  0/0    27:26   1:30   6:15 
Brooks Orpik             0  0  0  -2  2   1  1  0  0  1  0/0    18:47   1:45   3:03 
Cory Emmerton            0  0  0  -1  0   0  1  0  0  0  0/2     6:28   0:00   0:00 
Dave Steckel             0  0  0   0  0   1  0  0  0  0  3/7    13:38   0:02   1:52 
David Booth              0  1  1   0  0   2  0  0  0  0  2/2    19:14   2:08   2:28 
François Beauchemin      0  1  1   1  4   1  0  0  0  1  0/0    14:26   1:01   0:00 
Jan Bulis                0  0  0   0  0   1  1  1  0  0  5/12   15:33   0:54   0:05 
Jeff Taffe               0  0  0  -1  0   0  1  0  0  0  4/5    10:03   0:00   3:27 
Kevin Bieksa             0  0  0   0  0   0  2  1  2  2  0/0    25:20   1:30   6:15 
Marcus Nilson            1  0  1   0  0   4  2  0  0  1  0/0    12:15   0:13   0:13 
Martin Havlat            0  0  0   0  2   3  1  0  0  0  0/0    17:12   1:55   0:28 
Mike Commodore           1  0  1   1  0   2  0  2  0  0  0/0    13:23   0:00   0:12 
Mike Lundin              0  1  1  -2  2   0  1  0  1  1  0/0    18:19   1:45   2:50 
Mike York                0  1  1   0  0   3  3  0  0  0  0/0    15:33   0:54   0:00 
Patric Hornqvist         0  0  0   0  0   1  2  0  0  1  2/4    22:19   1:18   5:37 
Pavel Datsyuk            1  0  1  -1  4   6  2  0  2  1  15/31  23:26   1:18   3:40 

3 Stars

1 - Chris Drury (Que)
2 - Dmitry Kulikov (Que)
3 - Vaclav Prospal (Que)

Power Play

Nordiques - 3 on 7 Attempt(s) - 42,86%
Blue Jackets - 1 on 3 Attempt(s) - 33,33%

Penalty Kill

Nordiques - 2 on 3 Attempt(s) - 66,67% - Score 0 goal in Penalty Kill
Blue Jackets - 4 on 7 Attempt(s) - 57,14% - Score 0 goal in Penalty Kill

Team Stat

Nordiques - Hits : 22 - Faceoff Wins : 32 - Blocked Shots : 5 - Penalty Minutes : 6
Blue Jackets - Hits : 18 - Faceoff Wins : 31 - Blocked Shots : 4 - Penalty Minutes : 14

Official

Referees : Banfield David and Leggo Mike
Linesman : Shane Heyer and Don Henderson

Game Notes

Rick DiPietro enters game at 6:03 of 2nd period

Finance

Level 1 -- Attendance: 4485 (74,75%) -- Ticket Income 403 650 $
Level 2 -- Attendance: 4076 (81,52%) -- Ticket Income 224 180 $
Level 3 -- Attendance: 1942 (97,10%) -- Ticket Income 58 260 $
Level 4 -- Attendance: 3879 (96,98%) -- Ticket Income 77 580 $
Luxury Box -- Attendance: 618 (61,80%) -- Ticket Income 114 330 $
Game was played at the Ohio State Arena.
Total Attendance: 15000 (83,33%)
Total Ticket Income: 878 000 $
Other Income: 131 700 $
Total Income: 1 009 700 $

Nordiques

5 vs 5 Forward 
   Center                   Left Wing                Right Wing               Time % Phy DF OF 
 1 Chris Drury              R.J. Umberger            Jean-Pierre Dumont       40     0   3  2  
 2 Vaclav Prospal           Matt Moulson             Nikita Kucherov          30     0   3  2  
 3 Paul Gaustad             Kyle Calder              Michael Ryder            20     0   3  2  
 4 Rich Peverley            Nikolai Kulemin          Pascal Dupuis            10     0   3  2  

5 vs 5 Defense 
   Defense                  Defense                                           Time % Phy DF OF 
 1 Fedor Tyutin             Dustin Byfuglien                                  40     0   5  0  
 2 Dmitry Kulikov           Ryan Ellis                                        30     0   5  0  
 3 T.J. Fast                Mark Eaton                                        20     0   5  0  
 4 Fedor Tyutin             Dustin Byfuglien                                  10     0   5  0  

PowerPlay Forward 
   Center                   Left Wing                Right Wing               Time % Phy DF OF 
 1 Chris Drury              R.J. Umberger            Jean-Pierre Dumont       60     0   0  5  
 2 Vaclav Prospal           Matt Moulson             Nikita Kucherov          40     0   0  5  

PowerPlay Defense
   Defense                  Defense                                           Time % Phy DF OF 
 1 Dustin Byfuglien         Ryan Ellis                                        60     0   2  3  
 2 Fedor Tyutin             Dmitry Kulikov                                    40     0   2  3  

Penalty Kill 4 Players Forward 
   Center                   Wing                     Time % Phy DF OF 
 1 Paul Gaustad             Pascal Dupuis            60     0   4  1  
 2 Kyle Calder              Vaclav Prospal           40     0   4  1  

Penalty Kill 4 Players Defense
   Defense                  Defense                  Time % Phy DF OF 
 1 T.J. Fast                Mark Eaton               60     0   4  1  
 2 Dustin Byfuglien         Ryan Ellis               40     0   4  1  

Penalty Kill - 3 Players Forward 
   Forward                                           Time % Phy DF OF 
 1 Paul Gaustad                                      60     0   5  0  
 2 Pascal Dupuis                                     40     0   5  0  

Penalty Kill - 3 Players Defense
   Defense                  Defense                  Time % Phy DF OF 
 1 T.J. Fast                Mark Eaton               60     0   5  0  
 2 Dustin Byfuglien         Dmitry Kulikov           40     0   5  0  

4 vs 4 Forward 
   Center                   Wing                     Time % Phy DF OF 
 1 R.J. Umberger            Chris Drury              60     0   1  4  
 2 Jean-Pierre Dumont       Vaclav Prospal           40     0   1  4  

4 vs 4 Defense
   Defense                  Defense                  Time % Phy DF OF 
 1 Dustin Byfuglien         Dmitry Kulikov           60     0   3  2  
 2 Fedor Tyutin             Ryan Ellis               40     0   3  2  

Last Minutes Offensive
   Center                   Left Wing                Right Wing               Defense                  Defense                  
   Chris Drury              R.J. Umberger            Jean-Pierre Dumont       Dustin Byfuglien         Fedor Tyutin             

Last Minutes Defensive
   Center                   Left Wing                Right Wing               Defense                  Defense                  
   Paul Gaustad             Kyle Calder              Pascal Dupuis            T.J. Fast                Mark Eaton               

Goaltenders
Starting : Martin Brodeur           
Backup : Julien Ellis             

Extra Forwards
Normal : Chris Drury, Jean-Pierre Dumont, R.J. Umberger - PP : Chris Drury, Jean-Pierre Dumont - PK : Pascal Dupuis
Extra Defensemen
Normal : Dmitry Kulikov, Ryan Ellis, Dustin Byfuglien - PP : Dmitry Kulikov - PK : Ryan Ellis, Dustin Byfuglien
Penalty Shots
R.J. Umberger, Chris Drury, Jean-Pierre Dumont, Vaclav Prospal, Paul Gaustad

Blue Jackets

5 vs 5 Forward 
   Center                   Left Wing                Right Wing               Time % Phy DF OF 
 1 Pavel Datsyuk            David Booth              Patric Hornqvist         40     1   2  2  
 2 Jan Bulis                Mike York                Martin Havlat            30     1   2  2  
 3 Dave Steckel             Marcus Nilson            Andreas Nodl             20     1   2  2  
 4 Cory Emmerton            Jeff Taffe               Pavel Datsyuk            10     1   2  2  

5 vs 5 Defense 
   Defense                  Defense                                           Time % Phy DF OF 
 1 Branislav Mezei          Kevin Bieksa                                      40     1   2  2  
 2 Mike Lundin              Brooks Orpik                                      30     1   2  2  
 3 François Beauchemin      Mike Commodore                                    20     1   2  2  
 4 A.J Thelen               Branislav Mezei                                   10     1   2  2  

PowerPlay Forward 
   Center                   Left Wing                Right Wing               Time % Phy DF OF 
 1 Pavel Datsyuk            David Booth              Patric Hornqvist         60     1   2  2  
 2 Jan Bulis                Mike York                Martin Havlat            40     1   2  2  

PowerPlay Defense
   Defense                  Defense                                           Time % Phy DF OF 
 1 Branislav Mezei          Kevin Bieksa                                      60     1   2  2  
 2 Mike Lundin              Brooks Orpik                                      40     1   2  2  

Penalty Kill 4 Players Forward 
   Center                   Wing                     Time % Phy DF OF 
 1 Pavel Datsyuk            Patric Hornqvist         60     1   2  2  
 2 David Booth              Martin Havlat            40     1   2  2  

Penalty Kill 4 Players Defense
   Defense                  Defense                  Time % Phy DF OF 
 1 Branislav Mezei          Kevin Bieksa             60     1   2  2  
 2 Mike Lundin              Brooks Orpik             40     1   2  2  

Penalty Kill - 3 Players Forward 
   Forward                                           Time % Phy DF OF 
 1 Pavel Datsyuk                                     60     1   2  2  
 2 Patric Hornqvist                                  40     1   2  2  

Penalty Kill - 3 Players Defense
   Defense                  Defense                  Time % Phy DF OF 
 1 Branislav Mezei          Kevin Bieksa             60     1   2  2  
 2 Mike Lundin              Brooks Orpik             40     1   2  2  

4 vs 4 Forward 
   Center                   Wing                     Time % Phy DF OF 
 1 Pavel Datsyuk            Patric Hornqvist         60     1   2  2  
 2 David Booth              Martin Havlat            40     1   2  2  

4 vs 4 Defense
   Defense                  Defense                  Time % Phy DF OF 
 1 Branislav Mezei          Kevin Bieksa             60     1   2  2  
 2 Mike Lundin              Brooks Orpik             40     1   2  2  

Last Minutes Offensive
   Center                   Left Wing                Right Wing               Defense                  Defense                  
   Pavel Datsyuk            David Booth              Patric Hornqvist         Branislav Mezei          Kevin Bieksa             

Last Minutes Defensive
   Center                   Left Wing                Right Wing               Defense                  Defense                  
   Pavel Datsyuk            David Booth              Patric Hornqvist         Branislav Mezei          Kevin Bieksa             

Goaltenders
Starting : Niklas Backstrom         
Backup : Rick DiPietro            

Extra Forwards
Normal : Marcus Nilson, Dave Steckel, Jeff Taffe - PP : Marcus Nilson, Dave Steckel - PK : Jeff Taffe
Extra Defensemen
Normal : François Beauchemin, Mike Commodore, A.J Thelen - PP : François Beauchemin - PK : Mike Commodore, A.J Thelen
Penalty Shots
Pavel Datsyuk, Patric Hornqvist, David Booth, Martin Havlat, Mike York

% Time on Ice - Nordiques

Lines # - Real PCT - Wanted PCT - Time Play
Normal Forward
1 - 34% - 40% - 16:05
2 - 26% - 30% - 12:09
3 - 25% - 20% - 11:44
4 - 14% - 10% - 6:42
Normal Defense
1 - 39% - 40% - 18:21
2 - 32% - 30% - 14:59
3 - 25% - 20% - 11:42
4 - 4% - 10% - 1:38
PP Forward
1 - 62% - 60% - 5:44
2 - 38% - 40% - 3:34
PP Defense
1 - 67% - 60% - 6:14
2 - 33% - 40% - 3:04
PK Forward
1 - 81% - 60% - 2:37
2 - 19% - 40% - 0:38
PK Defense
1 - 51% - 60% - 1:39
2 - 49% - 40% - 1:36
PK3 Forward
1 - 0% - 60%
2 - 0% - 40%
PK3 Defense
1 - 0% - 60%
2 - 0% - 40%
44 Forward
1 - 83% - 60% - 0:39
2 - 17% - 40% - 0:08
44 Defense
1 - 83% - 60% - 0:39
2 - 17% - 40% - 0:08
Last Minute Offensive  - 0:00
Last Minute Defensive  - 0:00
Total
Forward - 60:00
Defense - 60:00

% Time on Ice - Blue Jackets

Lines # - Real PCT - Wanted PCT - Time Play
Normal Forward
1 - 32% - 40% - 15:07
2 - 31% - 30% - 14:39
3 - 24% - 20% - 11:12
4 - 12% - 10% - 5:42
Normal Defense
1 - 37% - 40% - 17:04
2 - 29% - 30% - 13:44
3 - 28% - 20% - 13:11
4 - 6% - 10% - 2:41
PP Forward
1 - 41% - 60% - 1:20
2 - 59% - 40% - 1:55
PP Defense
1 - 46% - 60% - 1:30
2 - 54% - 40% - 1:45
PK Forward
1 - 85% - 60% - 7:13
2 - 15% - 40% - 1:19
PK Defense
1 - 67% - 60% - 5:41
2 - 33% - 40% - 2:51
PK3 Forward
1 - 100% - 60% - 0:46
2 - 0% - 40% - 0:00
PK3 Defense
1 - 74% - 60% - 0:34
2 - 26% - 40% - 0:12
44 Forward
1 - 85% - 60% - 0:40
2 - 15% - 40% - 0:07
44 Defense
1 - 66% - 60% - 0:31
2 - 34% - 40% - 0:16
Last Minute Offensive  - 0:00
Last Minute Defensive  - 0:00
Total
Forward - 60:00
Defense - 60:00

Play by Play

1st period


0:01 of 1st period - Chris Drury wins face-off versus Pavel Datsyuk in neutral zone.
1:04 of 1st period - Snap shot by Jean-Pierre Dumont.
1:04 of 1st period - Shot Misses the Net.
1:10 of 1st period - R.J. Umberger is hit by Cory Emmerton and loses puck.
1:34 of 1st period - Snap shot by Chris Drury.
1:34 of 1st period - Shot Misses the Net.
1:36 of 1st period - Snap shot by Jean-Pierre Dumont.
1:36 of 1st period - Deflect By Branislav Mezei.
1:36 of 1st period - Stopped by Niklas Backstrom with a rebound.
1:44 of 1st period - Wrist shot by Chris Drury.
1:44 of 1st period - Shot Misses the Net.
1:52 of 1st period - Snap shot by Jean-Pierre Dumont.
1:52 of 1st period - Shot Misses the Net.
1:54 of 1st period - Wrist shot by R.J. Umberger.
1:54 of 1st period - Stopped by Niklas Backstrom without a rebound.
1:55 of 1st period - Jan Bulis wins face-off versus Vaclav Prospal in Blue Jackets zone.
1:55 of 1st period - Jan Bulis is hit by Matt Moulson.
2:45 of 1st period - Slapshot by Nikita Kucherov.
2:45 of 1st period - Goal by Nikita Kucherov - Nordiques : 1 - Blue Jackets : 0.
2:46 of 1st period - Paul Gaustad wins face-off versus Jan Bulis in neutral zone.
2:53 of 1st period - Slapshot by Michael Ryder.
2:53 of 1st period - Shot Misses the Net.
2:55 of 1st period - Snap shot by Fedor Tyutin.
2:55 of 1st period - Deflect By Paul Gaustad.
2:55 of 1st period - Shot Blocked by Mike Commodore.
2:55 of 1st period - Puck is out of play.
2:56 of 1st period - Paul Gaustad wins face-off versus Jan Bulis in Blue Jackets zone.
3:05 of 1st period - Wrist shot by Kyle Calder.
3:05 of 1st period - Stopped by Niklas Backstrom with a rebound.
3:07 of 1st period - Wrist shot by Paul Gaustad.
3:07 of 1st period - Shot Misses the Net.
3:53 of 1st period - Snap shot by Martin Havlat.
3:53 of 1st period - Stopped by Martin Brodeur with a rebound.
4:23 of 1st period - Snap shot by Mike York.
4:23 of 1st period - Stopped by Martin Brodeur with a rebound.
5:01 of 1st period - Wrist shot by Martin Havlat.
5:01 of 1st period - Shot Misses the Net.
5:07 of 1st period - Slapshot by Fedor Tyutin.
5:07 of 1st period - Shot Blocked by Mike Commodore.
5:09 of 1st period - Snap shot by Dustin Byfuglien.
5:09 of 1st period - Stopped by Niklas Backstrom with a rebound.
5:11 of 1st period - Slapshot by Fedor Tyutin.
5:11 of 1st period - Stopped by Niklas Backstrom with a rebound.
5:44 of 1st period - Snap shot by Kyle Calder.
5:44 of 1st period - Stopped by Niklas Backstrom without a rebound.
5:45 of 1st period - Vaclav Prospal wins face-off versus Pavel Datsyuk in Blue Jackets zone.
5:54 of 1st period - Mike Lundin is hit by Mark Eaton and loses puck.
6:19 of 1st period - Off-side.
6:20 of 1st period - Chris Drury wins face-off versus Dave Steckel in neutral zone.
6:33 of 1st period - Wrist shot by Marcus Nilson.
6:33 of 1st period - Stopped by Martin Brodeur with a rebound.
6:47 of 1st period - Wrist shot by Matt Moulson.
6:47 of 1st period - Shot Misses the Net.
7:41 of 1st period - Matt Moulson is hit by Marcus Nilson and loses puck.
7:54 of 1st period - Slapshot by T.J. Fast.
7:54 of 1st period - Shot Blocked by Kevin Bieksa.
8:06 of 1st period - Kevin Bieksa is hit by Dmitry Kulikov and loses puck.
8:53 of 1st period - Brooks Orpik is hit by Nikita Kucherov.
9:08 of 1st period - Kevin Bieksa is hit by Fedor Tyutin and loses puck.
14:00 of 1st period - Andreas Nodl is hit by Dustin Byfuglien and loses puck.
14:41 of 1st period - Patric Hornqvist is hit by Jean-Pierre Dumont and loses puck.
15:30 of 1st period - Jean-Pierre Dumont is hit by Martin Havlat and loses puck.
16:02 of 1st period - David Booth is hit by Chris Drury and loses puck.
16:19 of 1st period - Matt Moulson is hit by Mike York and loses puck.
16:47 of 1st period - Martin Havlat is hit by Rich Peverley and loses puck.
16:54 of 1st period - Slapshot by Nikolai Kulemin.
16:54 of 1st period - Stopped by Niklas Backstrom with a rebound.
17:09 of 1st period - Mike Lundin is hit by Jean-Pierre Dumont and loses puck.
17:22 of 1st period - Paul Gaustad is hit by Andreas Nodl.
17:26 of 1st period - Jeff Taffe is hit by Paul Gaustad and loses puck.
18:52 of 1st period - Icing by Martin Havlat.
18:53 of 1st period - Vaclav Prospal wins face-off versus Patric Hornqvist in Blue Jackets zone.
18:54 of 1st period - Wrist shot by Matt Moulson.
18:54 of 1st period - Stopped by Niklas Backstrom with a rebound.
19:08 of 1st period - Wrist shot by Chris Drury.
19:08 of 1st period - Goal by Chris Drury - Nordiques : 2 - Blue Jackets : 0.
19:09 of 1st period - Chris Drury wins face-off versus Pavel Datsyuk in neutral zone.
19:17 of 1st period - Jean-Pierre Dumont is hit by Patric Hornqvist and loses puck.
19:24 of 1st period - Snap shot by David Booth.
19:24 of 1st period - Stopped by Martin Brodeur without a rebound.
19:25 of 1st period - Vaclav Prospal wins face-off versus Pavel Datsyuk in Nordiques zone.
19:25 of 1st period - Vaclav Prospal is hit by Pavel Datsyuk.
19:35 of 1st period - Wrist shot by David Booth.
19:35 of 1st period - Stopped by Martin Brodeur without a rebound.
19:36 of 1st period - Chris Drury wins face-off versus Pavel Datsyuk in Nordiques zone.
Goals for this period are 2 for Nordiques vs 0 for Blue Jackets.
Shots for this period are 10 for Nordiques vs 5 for Blue Jackets.

2nd period


0:01 of 2nd period - Chris Drury wins face-off versus Pavel Datsyuk in neutral zone.
1:30 of 2nd period - Minor Penalty to François Beauchemin for High sticking.
1:31 of 2nd period - Pavel Datsyuk wins face-off versus Chris Drury in Blue Jackets zone.
2:03 of 2nd period - Wrist shot by Jean-Pierre Dumont.
2:03 of 2nd period - Stopped by Niklas Backstrom with a rebound.
2:05 of 2nd period - Backhand shot by Ryan Ellis.
2:05 of 2nd period - Deflect By Jean-Pierre Dumont.
2:05 of 2nd period - Goal by Jean-Pierre Dumont - Nordiques : 3 - Blue Jackets : 0.
2:06 of 2nd period - Jan Bulis wins face-off versus Nikita Kucherov in neutral zone.
2:15 of 2nd period - Snap shot by Martin Havlat.
2:15 of 2nd period - Stopped by Martin Brodeur with a rebound.
2:20 of 2nd period - Dmitry Kulikov is hit by Kevin Bieksa and loses puck.
3:15 of 2nd period - Slapshot by Pavel Datsyuk.
3:15 of 2nd period - Deflect By Matt Moulson.
3:15 of 2nd period - Shot Misses the Net.
3:15 of 2nd period - Puck is out of play.
3:16 of 2nd period - Vaclav Prospal wins face-off versus Cory Emmerton in Nordiques zone.
3:41 of 2nd period - Martin Havlat is hit by Jean-Pierre Dumont and loses puck.
3:55 of 2nd period - Icing by Mark Eaton.
3:56 of 2nd period - Paul Gaustad wins face-off versus Dave Steckel in Nordiques zone.
4:09 of 2nd period - Wrist shot by Andreas Nodl.
4:09 of 2nd period - Stopped by Martin Brodeur with a rebound.
4:11 of 2nd period - Wrist shot by Dave Steckel.
4:11 of 2nd period - Stopped by Martin Brodeur with a rebound.
4:17 of 2nd period - Minor Penalty to Paul Gaustad for High sticking.
4:18 of 2nd period - Pavel Datsyuk wins face-off versus Chris Drury in Nordiques zone.
4:21 of 2nd period - Wrist shot by Pavel Datsyuk.
4:21 of 2nd period - Goal by Pavel Datsyuk - Nordiques : 3 - Blue Jackets : 1.
4:22 of 2nd period - Chris Drury wins face-off versus Pavel Datsyuk in neutral zone.
4:24 of 2nd period - Off-side.
4:25 of 2nd period - Chris Drury wins face-off versus Pavel Datsyuk in neutral zone.
4:31 of 2nd period - Minor Penalty to Pavel Datsyuk for Slashing.
4:32 of 2nd period - Jean-Pierre Dumont wins face-off versus Jeff Taffe in Blue Jackets zone.
4:34 of 2nd period - Slapshot by Ryan Ellis.
4:34 of 2nd period - Shot Misses the Net.
4:36 of 2nd period - Wrist shot by Jean-Pierre Dumont.
4:36 of 2nd period - Shot Misses the Net.
4:38 of 2nd period - Slapshot by Ryan Ellis.
4:38 of 2nd period - Stopped by Niklas Backstrom without a rebound.
4:39 of 2nd period - Jeff Taffe wins face-off versus Chris Drury in Blue Jackets zone.
5:14 of 2nd period - Wrist shot by Ryan Ellis.
5:14 of 2nd period - Deflect By Nikita Kucherov.
5:14 of 2nd period - Shot Misses the Net.
5:14 of 2nd period - Puck is out of play.
5:15 of 2nd period - Patric Hornqvist wins face-off versus Chris Drury in Blue Jackets zone.
5:17 of 2nd period - Minor Penalty to Mike Lundin for Hooking.
5:18 of 2nd period - Jeff Taffe wins face-off versus Chris Drury in Blue Jackets zone.
5:51 of 2nd period - Slapshot by Vaclav Prospal.
5:51 of 2nd period - Stopped by Niklas Backstrom without a rebound.
5:52 of 2nd period - Jeff Taffe wins face-off versus Chris Drury in Blue Jackets zone.
6:01 of 2nd period - Slapshot by Dmitry Kulikov.
6:01 of 2nd period - Shot Misses the Net.
6:03 of 2nd period - Slapshot by Fedor Tyutin.
6:03 of 2nd period - Goal by Fedor Tyutin - Nordiques : 4 - Blue Jackets : 1.
6:03 of 2nd period - Rick DiPietro enters game.
6:04 of 2nd period - Pavel Datsyuk wins face-off versus Chris Drury in neutral zone.
6:29 of 2nd period - Minor Penalty to Vaclav Prospal for Tripping.
6:30 of 2nd period - R.J. Umberger wins face-off versus Pavel Datsyuk in Nordiques zone.
6:43 of 2nd period - Slapshot by Pavel Datsyuk.
6:43 of 2nd period - Shot Misses the Net.
7:17 of 2nd period - Penalty to Mike Lundin is over, Mike Lundin is back on ice.
7:51 of 2nd period - Slapshot by Martin Havlat.
7:51 of 2nd period - Stopped by Martin Brodeur with a rebound.
7:53 of 2nd period - Snap shot by Martin Havlat.
7:53 of 2nd period - Shot Blocked by Mark Eaton.
7:55 of 2nd period - Snap shot by François Beauchemin.
7:55 of 2nd period - Stopped by Martin Brodeur with a rebound.
8:15 of 2nd period - Wrist shot by Mike Lundin.
8:15 of 2nd period - Shot Misses the Net.
8:17 of 2nd period - Slapshot by François Beauchemin.
8:17 of 2nd period - Deflect By Martin Havlat.
8:17 of 2nd period - Shot Blocked by T.J. Fast.
8:17 of 2nd period - Puck is out of play.
8:18 of 2nd period - Pavel Datsyuk wins face-off versus Kyle Calder in Nordiques zone.
8:29 of 2nd period - Penalty to Vaclav Prospal is over, Vaclav Prospal is back on ice.
9:18 of 2nd period - Icing by Nikita Kucherov.
9:19 of 2nd period - Vaclav Prospal wins face-off versus Jan Bulis in Nordiques zone.
10:00 of 2nd period - Minor Penalty to François Beauchemin for High sticking.
10:01 of 2nd period - Pavel Datsyuk wins face-off versus Chris Drury in Blue Jackets zone.
10:57 of 2nd period - Fedor Tyutin is hit by Brooks Orpik and loses puck.
12:00 of 2nd period - Penalty to François Beauchemin is over, François Beauchemin is back on ice.
12:11 of 2nd period - Slapshot by Marcus Nilson.
12:11 of 2nd period - Stopped by Martin Brodeur without a rebound.
12:12 of 2nd period - Paul Gaustad wins face-off versus Dave Steckel in Nordiques zone.
12:12 of 2nd period - Paul Gaustad is hit by Marcus Nilson.
12:22 of 2nd period - Wrist shot by Kyle Calder.
12:22 of 2nd period - Shot Hit the Post.
12:24 of 2nd period - Wrist shot by Paul Gaustad.
12:24 of 2nd period - Shot Misses the Net.
12:26 of 2nd period - Slapshot by Mark Eaton.
12:26 of 2nd period - Stopped by Rick DiPietro without a rebound.
12:27 of 2nd period - Rich Peverley wins face-off versus Patric Hornqvist in Blue Jackets zone.
12:44 of 2nd period - Wrist shot by David Booth.
12:44 of 2nd period - Shot Misses the Net.
13:18 of 2nd period - Wrist shot by Marcus Nilson.
13:18 of 2nd period - Shot Misses the Net.
13:20 of 2nd period - Wrist shot by Marcus Nilson.
13:20 of 2nd period - Goal by Marcus Nilson - Nordiques : 4 - Blue Jackets : 2.
13:21 of 2nd period - Chris Drury wins face-off versus Pavel Datsyuk in neutral zone.
13:36 of 2nd period - Wrist shot by Pavel Datsyuk.
13:36 of 2nd period - Stopped by Martin Brodeur without a rebound.
13:37 of 2nd period - Vaclav Prospal wins face-off versus Jan Bulis in Nordiques zone.
13:50 of 2nd period - Wrist shot by Nikita Kucherov.
13:50 of 2nd period - Shot Misses the Net.
13:52 of 2nd period - Slapshot by Dustin Byfuglien.
13:52 of 2nd period - Stopped by Rick DiPietro without a rebound.
13:53 of 2nd period - Pavel Datsyuk wins face-off versus Chris Drury in Blue Jackets zone.
14:46 of 2nd period - Slapshot by Brooks Orpik.
14:46 of 2nd period - Shot Blocked by Matt Moulson.
15:13 of 2nd period - Snap shot by David Booth.
15:13 of 2nd period - Shot Misses the Net.
15:41 of 2nd period - Marcus Nilson is hit by Kyle Calder and loses puck.
15:58 of 2nd period - Snap shot by Pavel Datsyuk.
15:58 of 2nd period - Stopped by Martin Brodeur with a rebound.
16:00 of 2nd period - Wrist shot by Pavel Datsyuk.
16:00 of 2nd period - Stopped by Martin Brodeur with a rebound.
16:12 of 2nd period - Slapshot by Pavel Datsyuk.
16:12 of 2nd period - Shot Misses the Net.
16:26 of 2nd period - Slapshot by T.J. Fast.
16:26 of 2nd period - Shot Blocked by Jan Bulis.
16:28 of 2nd period - Snap shot by Chris Drury.
16:28 of 2nd period - Stopped by Rick DiPietro without a rebound.
16:29 of 2nd period - Dave Steckel wins face-off versus Chris Drury in Blue Jackets zone.
16:29 of 2nd period - Dave Steckel is hit by Dustin Byfuglien.
16:40 of 2nd period - Minor Penalty to Brooks Orpik for Tripping.
16:41 of 2nd period - Pavel Datsyuk wins face-off versus Chris Drury in Blue Jackets zone.
16:45 of 2nd period - Slapshot by Branislav Mezei.
16:45 of 2nd period - Stopped by Martin Brodeur without a rebound.
16:46 of 2nd period - Chris Drury wins face-off versus Pavel Datsyuk in Nordiques zone.
16:55 of 2nd period - Slapshot by Dustin Byfuglien.
16:55 of 2nd period - Stopped by Rick DiPietro with a rebound.
16:57 of 2nd period - Wrist shot by Dustin Byfuglien.
16:57 of 2nd period - Stopped by Rick DiPietro without a rebound.
16:58 of 2nd period - Pavel Datsyuk wins face-off versus Chris Drury in Blue Jackets zone.
17:23 of 2nd period - Pavel Datsyuk is hit by Dustin Byfuglien and loses puck.
17:28 of 2nd period - Slapshot by Vaclav Prospal.
17:28 of 2nd period - Goal by Vaclav Prospal - Nordiques : 5 - Blue Jackets : 2.
17:29 of 2nd period - Pavel Datsyuk wins face-off versus Chris Drury in neutral zone.
17:42 of 2nd period - Slapshot by David Booth.
17:42 of 2nd period - Shot Blocked by Fedor Tyutin.
17:44 of 2nd period - Snap shot by Branislav Mezei.
17:44 of 2nd period - Stopped by Martin Brodeur without a rebound.
17:45 of 2nd period - Vaclav Prospal wins face-off versus Jan Bulis in Nordiques zone.
17:45 of 2nd period - Vaclav Prospal is hit by Mike York.
17:48 of 2nd period - Minor Penalty to Nikita Kucherov for Holding.
17:49 of 2nd period - Pavel Datsyuk wins face-off versus Paul Gaustad in Nordiques zone.
19:48 of 2nd period - Penalty to Nikita Kucherov is over, Nikita Kucherov is back on ice.
Goals for this period are 3 for Nordiques vs 2 for Blue Jackets.
Shots for this period are 11 for Nordiques vs 13 for Blue Jackets.

3rd period


0:01 of 3rd period - Chris Drury wins face-off versus Pavel Datsyuk in neutral zone.
0:04 of 3rd period - Wrist shot by R.J. Umberger.
0:04 of 3rd period - Shot Misses the Net.
0:06 of 3rd period - Snap shot by Chris Drury.
0:06 of 3rd period - Shot Misses the Net.
0:08 of 3rd period - Slapshot by Fedor Tyutin.
0:08 of 3rd period - Deflect By Jean-Pierre Dumont.
0:08 of 3rd period - Stopped by Rick DiPietro with a rebound.
0:10 of 3rd period - Wrist shot by Chris Drury.
0:10 of 3rd period - Shot Misses the Net.
0:12 of 3rd period - Backhand shot by R.J. Umberger.
0:12 of 3rd period - Shot Misses the Net.
0:14 of 3rd period - Slapshot by R.J. Umberger.
0:14 of 3rd period - Deflect By Patric Hornqvist.
0:14 of 3rd period - Stopped by Rick DiPietro with a rebound.
0:16 of 3rd period - Snap shot by Fedor Tyutin.
0:16 of 3rd period - Deflect By Kevin Bieksa.
0:16 of 3rd period - Stopped by Rick DiPietro without a rebound.
0:17 of 3rd period - Jan Bulis wins face-off versus Vaclav Prospal in Blue Jackets zone.
0:43 of 3rd period - David Booth is hit by Fedor Tyutin and loses puck.
0:52 of 3rd period - Slapshot by Pavel Datsyuk.
0:52 of 3rd period - Stopped by Martin Brodeur with a rebound.
1:04 of 3rd period - Snap shot by R.J. Umberger.
1:04 of 3rd period - Stopped by Rick DiPietro without a rebound.
1:05 of 3rd period - Paul Gaustad wins face-off versus Dave Steckel in Blue Jackets zone.
1:06 of 3rd period - Slapshot by Michael Ryder.
1:06 of 3rd period - Shot Misses the Net.
1:08 of 3rd period - Slapshot by Dmitry Kulikov.
1:08 of 3rd period - Stopped by Rick DiPietro without a rebound.
1:09 of 3rd period - Patric Hornqvist wins face-off versus Kyle Calder in Blue Jackets zone.
1:14 of 3rd period - Dmitry Kulikov is hit by Pavel Datsyuk and loses puck.
1:23 of 3rd period - Kevin Bieksa is hit by Kyle Calder and loses puck.
1:36 of 3rd period - Wrist shot by Martin Havlat.
1:36 of 3rd period - Shot Misses the Net.
1:38 of 3rd period - Snap shot by Jan Bulis.
1:38 of 3rd period - Stopped by Martin Brodeur with a rebound.
1:40 of 3rd period - Slapshot by Branislav Mezei.
1:40 of 3rd period - Stopped by Martin Brodeur without a rebound.
1:41 of 3rd period - Jan Bulis wins face-off versus Chris Drury in Nordiques zone.
1:46 of 3rd period - Backhand shot by Mike York.
1:46 of 3rd period - Stopped by Martin Brodeur without a rebound.
1:47 of 3rd period - Chris Drury wins face-off versus Pavel Datsyuk in Nordiques zone.
1:54 of 3rd period - Snap shot by Jean-Pierre Dumont.
1:54 of 3rd period - Stopped by Rick DiPietro without a rebound.
1:55 of 3rd period - Chris Drury wins face-off versus Pavel Datsyuk in Blue Jackets zone.
2:20 of 3rd period - Branislav Mezei is hit by Vaclav Prospal.
3:10 of 3rd period - Wrist shot by R.J. Umberger.
3:10 of 3rd period - Stopped by Rick DiPietro with a rebound.
3:12 of 3rd period - Snap shot by R.J. Umberger.
3:12 of 3rd period - Shot Misses the Net.
3:14 of 3rd period - Slapshot by Dustin Byfuglien.
3:14 of 3rd period - Shot Misses the Net.
3:16 of 3rd period - Slapshot by R.J. Umberger.
3:16 of 3rd period - Shot Misses the Net.
3:28 of 3rd period - Snap shot by Martin Havlat.
3:28 of 3rd period - Shot Misses the Net.
3:46 of 3rd period - Pavel Datsyuk is hit by Dmitry Kulikov.
3:52 of 3rd period - Snap shot by Matt Moulson.
3:52 of 3rd period - Stopped by Rick DiPietro without a rebound.
3:53 of 3rd period - Jan Bulis wins face-off versus Vaclav Prospal in Blue Jackets zone.
4:04 of 3rd period - Vaclav Prospal is hit by Mike York and loses puck.
5:13 of 3rd period - Snap shot by Pavel Datsyuk.
5:13 of 3rd period - Shot Misses the Net.
5:50 of 3rd period - Andreas Nodl is hit by Nikita Kucherov and loses puck.
6:26 of 3rd period - Wrist shot by Dave Steckel.
6:26 of 3rd period - Deflect By Andreas Nodl.
6:26 of 3rd period - Stopped by Martin Brodeur with a rebound.
6:34 of 3rd period - Wrist shot by Andreas Nodl.
6:34 of 3rd period - Stopped by Martin Brodeur without a rebound.
6:35 of 3rd period - Chris Drury wins face-off versus Jan Bulis in Nordiques zone.
6:35 of 3rd period - Chris Drury is hit by Jan Bulis.
6:57 of 3rd period - Minor Penalty to Martin Havlat for Roughing.
6:58 of 3rd period - Pavel Datsyuk wins face-off versus R.J. Umberger in Blue Jackets zone.
7:48 of 3rd period - R.J. Umberger is hit by Jeff Taffe and loses puck.
8:47 of 3rd period - R.J. Umberger is hit by Mike Lundin and loses puck.
8:57 of 3rd period - Penalty to Martin Havlat is over, Martin Havlat is back on ice.
9:48 of 3rd period - Slapshot by Mike Commodore.
9:48 of 3rd period - Goal by Mike Commodore - Nordiques : 5 - Blue Jackets : 3.
9:49 of 3rd period - Pavel Datsyuk wins face-off versus Chris Drury in neutral zone.
10:00 of 3rd period - Slapshot by David Booth.
10:00 of 3rd period - Deflect By Pavel Datsyuk.
10:00 of 3rd period - Shot Blocked by R.J. Umberger.
10:00 of 3rd period - Puck is out of play.
10:01 of 3rd period - Chris Drury wins face-off versus Pavel Datsyuk in Nordiques zone.
10:37 of 3rd period - Wrist shot by Mike York.
10:37 of 3rd period - Stopped by Martin Brodeur without a rebound.
10:38 of 3rd period - Pavel Datsyuk wins face-off versus Vaclav Prospal in Nordiques zone.
10:49 of 3rd period - Wrist shot by Patric Hornqvist.
10:49 of 3rd period - Stopped by Martin Brodeur with a rebound.
10:51 of 3rd period - Slapshot by Brooks Orpik.
10:51 of 3rd period - Stopped by Martin Brodeur with a rebound.
10:53 of 3rd period - Wrist shot by Patric Hornqvist.
10:53 of 3rd period - Shot Misses the Net.
11:07 of 3rd period - Wrist shot by Mike York.
11:07 of 3rd period - Shot Misses the Net.
11:09 of 3rd period - Snap shot by Martin Havlat.
11:09 of 3rd period - Deflect By Mike York.
11:09 of 3rd period - Shot Misses the Net.
11:09 of 3rd period - Puck is out of play.
11:10 of 3rd period - Chris Drury wins face-off versus Pavel Datsyuk in Nordiques zone.
11:10 of 3rd period - Chris Drury is hit by Patric Hornqvist.
11:24 of 3rd period - Snap shot by David Booth.
11:24 of 3rd period - Shot Misses the Net.
11:46 of 3rd period - Dave Steckel is hit by Chris Drury and loses puck.
12:39 of 3rd period - Minor Penalty to Pavel Datsyuk for Slashing.
12:40 of 3rd period - Jeff Taffe wins face-off versus Vaclav Prospal in Blue Jackets zone.
13:43 of 3rd period - Icing by Vaclav Prospal.
13:44 of 3rd period - Dave Steckel wins face-off versus Chris Drury in Nordiques zone.
13:47 of 3rd period - Snap shot by Mike Lundin.
13:47 of 3rd period - Shot Misses the Net.
14:39 of 3rd period - Penalty to Pavel Datsyuk is over, Pavel Datsyuk is back on ice.
15:04 of 3rd period - Off-side.
15:05 of 3rd period - Rich Peverley wins face-off versus Cory Emmerton in neutral zone.
15:12 of 3rd period - Wrist shot by Nikolai Kulemin.
15:12 of 3rd period - Stopped by Rick DiPietro with a rebound.
15:14 of 3rd period - Slapshot by T.J. Fast.
15:14 of 3rd period - Stopped by Rick DiPietro with a rebound.
16:35 of 3rd period - Snap shot by Rich Peverley.
16:35 of 3rd period - Stopped by Rick DiPietro with a rebound.
16:37 of 3rd period - Wrist shot by Pascal Dupuis.
16:37 of 3rd period - Goal by Pascal Dupuis - Nordiques : 6 - Blue Jackets : 3.
16:38 of 3rd period - Pavel Datsyuk wins face-off versus Chris Drury in neutral zone.
17:34 of 3rd period - Snap shot by Pascal Dupuis.
17:34 of 3rd period - Stopped by Rick DiPietro without a rebound.
17:35 of 3rd period - Pavel Datsyuk wins face-off versus Chris Drury in Blue Jackets zone.
17:37 of 3rd period - Icing by David Booth.
17:38 of 3rd period - David Booth wins face-off versus Chris Drury in Blue Jackets zone.
17:38 of 3rd period - David Booth is hit by Dustin Byfuglien.
17:44 of 3rd period - Wrist shot by Pavel Datsyuk.
17:44 of 3rd period - Stopped by Martin Brodeur without a rebound.
17:45 of 3rd period - David Booth wins face-off versus Chris Drury in Nordiques zone.
18:20 of 3rd period - Snap shot by Chris Drury.
18:20 of 3rd period - Stopped by Rick DiPietro with a rebound.
18:30 of 3rd period - Slapshot by Chris Drury.
18:30 of 3rd period - Stopped by Rick DiPietro without a rebound.
18:31 of 3rd period - Vaclav Prospal wins face-off versus Jan Bulis in Blue Jackets zone.
18:31 of 3rd period - Vaclav Prospal is hit by Kevin Bieksa.
18:33 of 3rd period - Snap shot by Nikita Kucherov.
18:33 of 3rd period - Shot Misses the Net.
19:02 of 3rd period - Slapshot by Marcus Nilson.
19:02 of 3rd period - Stopped by Martin Brodeur without a rebound.
19:03 of 3rd period - Dave Steckel wins face-off versus Paul Gaustad in Nordiques zone.
19:38 of 3rd period - Slapshot by Mike Commodore.
19:38 of 3rd period - Stopped by Martin Brodeur with a rebound.
Goals for this period are 1 for Nordiques vs 1 for Blue Jackets.
Shots for this period are 15 for Nordiques vs 13 for Blue Jackets.